General information
			
			
        
        - name: Skycity2
 
        - type: Custom game
 
        - host: Iceberg-Slim
 
        - saver: Iceberg-Slim
 
        
map: TerenasStand 
        - players: 4
 
        - length: 16:40
 
        - speed: Fast
 - version: 1.22 W3XP
 - replay type:  

 
» download(68 KB)
Players
        team 1 (loser) 
              
              
» 
timg4strOK (
gray | 146 APM | 2438 actions | 16:40)
              
 4 Blademaster 
 2 Wind Walk
 2 Critical Strike
 3 Shadow Hunter 
 1 Hex
 2 Healing Wave
 
                » actions 
                
                | Assign group hotkey | 27 |  | 
| Basic commands | 50 |  | 
| Build / train | 48 |  | 
| ESC pressed | 1 |  | 
| Enter build submenu | 27 |  | 
| Enter hero's abilities submenu | 8 |  | 
| Right click | 1144 |  | 
| Select / deselect | 201 |  | 
| Select group hotkey | 825 |  | 
| Use ability | 107 |  | 
                2438 total
 » units 
                
                | Peon | 9 |  | 
| Grunt | 7 |  | 
| Raider | 4 |  | 
| Spirit Walker | 3 |  | 
| Wind Rider | 2 |  | 
                25 total
 » upgrades
                
                | Ensnare | 1 |  | 
| Spirit Walker Training | 1 |  | 
| Berserker Strength | 1 |  | 
| Melee Weapons | 1 |  | 
| Reinforced Defenses | 1 |  | 
                5 total
 » buildings
                
                | Altar of Storms | 1 |  | 
| Orc Burrow | 6 |  | 
| Barracks | 1 |  | 
| Voodoo Lounge | 2 |  | 
| Stronghold | 1 |  | 
| Beastiary | 2 |  | 
| Spirit Lodge | 1 |  | 
| War Mill | 2 |  | 
| Fortress | 1 |  | 
| Watch Tower | 9 |  | 
                26 total
 » build order
                00:05 Altar of Storms
00:13 Orc Burrow
00:39 Barracks
01:33 Orc Burrow
02:15 Voodoo Lounge
02:59 Stronghold
03:45 Orc Burrow
05:22 Beastiary
05:25 Spirit Lodge
07:33 Orc Burrow
07:35 War Mill
08:52 Orc Burrow
10:34 Fortress
11:33 Beastiary
12:00 Watch Tower
12:00 Watch Tower
13:16 War Mill
13:22 Voodoo Lounge
14:10 Watch Tower
14:23 Watch Tower
14:56 Watch Tower
15:10 Watch Tower
16:03 Orc Burrow
16:06 Watch Tower
16:08 Watch Tower
» items
                
                | Healing Salve | 2 |  | 
| Lesser Clarity Potion | 2 |  | 
| Orb of Lightning | 1 |  | 
| Potion of Mana | 1 |  | 
                6 total
  
               team 2 (winner) 
              
              
greedoFthenoob (
pink | 95 APM | 1585 actions | 16:39)
              
 2 Archmage 
 1 Summon Water Elemental
 1 Brilliance Aura
 1 Mountain King 
 1 Storm Bolt
 
                » actions 
                
                | Assign group hotkey | 27 |  | 
| Basic commands | 17 |  | 
| Build / train | 58 |  | 
| ESC pressed | 3 |  | 
| Enter build submenu | 27 |  | 
| Enter hero's abilities submenu | 3 |  | 
| Remove unit from queue | 1 |  | 
| Right click | 862 |  | 
| Select / deselect | 475 |  | 
| Select group hotkey | 41 |  | 
| Use ability | 69 |  | 
                1585 total
 » units 
                
                | Peasant | 19 |  | 
| Footman | 8 |  | 
| Sorceress | 6 |  | 
| Priest | 3 |  | 
                36 total
 » upgrades
                » buildings
                
                | Altar of Kings | 2 |  | 
| Farm | 7 |  | 
| Barracks | 2 |  | 
| Scout Tower | 5 |  | 
| Arcane Tower | 1 |  | 
| Keep | 5 |  | 
| Lumber Mill | 1 |  | 
| Arcane Vault | 3 |  | 
| Arcane Sanctum | 1 |  | 
| Guard Tower | 2 |  | 
                29 total
 » build order
                00:06 Altar of Kings
00:14 Farm
00:35 Barracks
01:13 Farm
01:37 Scout Tower
02:30 Arcane Tower
02:41 Farm
04:13 Keep
04:13 Keep
04:13 Keep
04:14 Keep
05:09 Lumber Mill
05:20 Arcane Vault
05:22 Arcane Vault
05:26 Farm
06:32 Arcane Vault
06:57 Arcane Sanctum
09:10 Farm
09:55 Altar of Kings
12:05 Farm
12:13 Farm
13:28 Barracks
14:39 Scout Tower
14:43 Scout Tower
14:49 Scout Tower
14:51 Scout Tower
15:22 Guard Tower
15:34 Guard Tower
» items
                
                | Dust of Appearance | 1 |  | 
| Boots of Speed | 2 |  | 
                3 total
  
               observersIceberg-Slim, 
ATOUCHOFHERLIPS Chat log
          (00:19 / All) greedoFthenoob: noob
(01:14 / All) timg4strOK: turk this gonna be embarrassing
(01:16 / All) timg4strOK: when i stomp you
(01:19 / All) timg4strOK: with 4000 ping
(01:27 / All) timg4strOK: and i freeze up every 30 sec
(01:30 / All) greedoFthenoob: i stomped on your mother's butt
(01:59 / All) timg4strOK: remember when you militia crept that green camp
(02:00 / All) timg4strOK: lmao
(02:07 / All) timg4strOK: then ignored ogblin lab
(02:50 / All) timg4strOK: formation movement nice
(03:12 / All) timg4strOK: cancel that famr
(06:47 / All) greedoFthenoob: PP
(08:25 / All) timg4strOK: leave
(10:00 / All) greedoFthenoob: ded aunit
(10:02 / All) timg4strOK: leave
(10:09 / All) timg4strOK: first unit you killed all game
(10:10 / All) timg4strOK: thats sad
(10:15 / All) timg4strOK: and im dealin with 4k+ ping
(16:17 / All) greedoFthenoob: `gg
(16:19 / All) timg4strOK: gg
(16:22 / All) greedoFthenoob: u lucky
(16:28 / All) greedoFthenoob: next time i wont be working out while i play